 Dungeon Crawl Stone Soup version 0.30.0 (webtiles) character file.

Game seed: 13159062013864324716

98 Minorbread the Magician (level 4, -13/24 HPs)
             Began as a Gargoyle Earth Elementalist on June 2, 2023.
             Blown up by Ijyb (20 damage)
             ... with a mindburst bolt
             ... on level 3 of the Dungeon.
             The game lasted 00:03:19 (2058 turns).

Minorbread the Magician (GrEE)                      Turns: 2058, Time: 00:03:20

Health: -13/24     AC:  5    Str: 12    XL:     4   Next: 71%
Magic:  2/10       EV: 11    Int: 17    God:
Gold:   106        SH:  0    Dex: 10    Spells: 7/11 levels left

rFire   . . .        k - +0 dagger
rCold   . . .        (no shield)
rNeg    + . .        a - +0 robe
rPois   ∞            (no helmet)
rElec   +            (no cloak)
rCorr   .            (no gloves)
SInv    .            (no boots)
Will    .....        (no amulet)
Stlth   ++           (no ring)
HPRegen 0.24/turn    (no ring)
MPRegen 0.12/turn

%: no passive effects
@: very slightly contaminated
A: sickness immunity, AC +3, negative energy resistance 1, electricity
resistance, torment resistance 1, petrification resistance
a: no special abilities


You were on level 3 of the Dungeon.
You visited 1 branch of the dungeon, and saw 3 of its levels.

You collected 106 gold pieces.

Inventory:

Hand Weapons
 k - a +0 dagger (weapon)
Armour
 a - a +0 robe (worn)
Scrolls
 d - 2 scrolls of blinking {unknown}
 e - a scroll of enchant weapon {unknown}
 f - a scroll of acquirement {unknown}
 h - 4 scrolls of identify {unknown}
 m - a scroll of noise {unknown}
 n - 2 scrolls of amnesia {unknown}
Potions
 b - a potion of magic
 c - 2 potions of brilliance {unknown}
 g - a potion of invisibility {unknown}
 i - a potion of lignification {unknown}
 j - 2 potions of resistance {unknown}
 l - a potion of curing {unknown}
 o - a potion of ambrosia {unknown}
 p - a potion of haste {unknown}


   Skills:
 - Level 1.5 Dodging
 - Level 2.1 Stealth
 + Level 4.3 Spellcasting
 - Level 0.7 Transmutations
 + Level 3.9 Earth Magic


You had 7 spell levels left.
You knew the following spells:

 Your Spells              Type           Power      Damage    Failure   Level
a - Sandblast             Erth           32%        2d9       3%          1
b - Stone Arrow           Conj/Erth      20%        3d8       21%         3

Your spell library contained the following spells:

 Spells                   Type           Power      Damage    Failure   Level
 Passwall                 Tmut/Erth      9%         N/A       9%          2
 Petrify                  Tmut/Erth      11%        N/A       52%         4


Dungeon Overview and Level Annotations

Branches:
Dungeon (3/15)

Altars:

Annotations:
D:3 Ijyb


Innate Abilities, Weirdness & Mutations

You are immune to sickness and miasma.
Your stone body is resilient. (AC +3)
You are immune to poison.
You resist negative energy. (rN+)
You are resistant to electric shocks. (rElec)
You are resistant to unholy torment.
You are immune to petrification.


Message History

Aim: Ijyb, wielding a +0 club, wearing a +2 ring mail of fire resistance and carrying a wand of mindburst (5) (80% to hit)
The blast of sand hits Ijyb but does no damage.
Ijyb zaps a wand.
Your mind is blasted!
Ouch! That really hurt!
Ijyb hits you with a +0 club.
Aiming: Sandblast (safe; 3% risk of failure)
Press: ? - help, Q - select action Shift-Dir - straight line, f/p - Ijyb
Aim: Ijyb, wielding a +0 club, wearing a +2 ring mail of fire resistance and carrying a wand of mindburst (4) (80% to hit)
You miscast Sandblast.
You are very lightly contaminated with residual magic.
Nothing appears to happen.
Ijyb screams, "You nasty!
Big nasty!"
Ijyb barely misses you.
Aiming: Sandblast (safe; 3% risk of failure)
Press: ? - help, Q - select action Shift-Dir - straight line, f/p - Ijyb
Aim: Ijyb, wielding a +0 club, wearing a +2 ring mail of fire resistance and carrying a wand of mindburst (4) (80% to hit)
The blast of sand hits Ijyb but does no damage.
A giant cockroach comes into view.
Ijyb closely misses you.
Aiming: Sandblast (safe; 3% risk of failure)
Press: ? - help, Q - select action Shift-Dir - straight line, f/p - Ijyb
Aim: Ijyb, wielding a +0 club, wearing a +2 ring mail of fire resistance and carrying a wand of mindburst (4) (80% to hit)
The blast of sand hits Ijyb.
Ijyb is lightly wounded.
Ijyb hits you with a +0 club. x2
* * * LOW HITPOINT WARNING * * *
Aiming: Sandblast (safe; 3% risk of failure)
Press: ? - help, Q - select action Shift-Dir - straight line, f/p - Ijyb
Aim: Ijyb, wielding a +0 club, wearing a +2 ring mail of fire resistance and carrying a wand of mindburst (4) (lightly wounded, 80% to hit)
The blast of sand hits Ijyb but does no damage.
Ijyb is lightly wounded.
Ijyb closely misses you.
Aiming: Sandblast (safe; 3% risk of failure)
Press: ? - help, Q - select action Shift-Dir - straight line, f/p - Ijyb
Aim: Ijyb, wielding a +0 club, wearing a +2 ring mail of fire resistance and carrying a wand of mindburst (4) (lightly wounded, 80% to hit)
The blast of sand hits Ijyb but does no damage.
Ijyb is lightly wounded.
The giant cockroach closely misses you.
Ijyb zaps a wand.
Your mind is blasted!
Ouch! That really hurt!
You die...

......................#
.....................#
.....................##
....o.......##........#
............#.........#
............#.#.......#
.....>......#.#......##
.......†.......Bg...##
....#........#.#@######
...##.##..............##
)..##..#...............##
........................#
...####.........>.......#
....# ##.....)..........#
....# ##...............#
....# #...............#
....# #>..............#


You could see Ijyb and a giant cockroach.

Vanquished Creatures
  2 adders (D:2)
  3 dart slugs
  3 orcs (D:3)
  7 bats
  2 endoplasms
  2 giant cockroaches
  8 goblins
  9 hobgoblins
  7 jackals
  2 kobolds (D:1)
  A quokka (D:2)
  6 ball pythons
  4 frilled lizards (D:1)
  8 rats
64 creatures vanquished.

Notes
Turn   | Place    | Note
-------+----------+-------------------------------------------
     0 | D:1      | Minorbread the Gargoyle Earth Elementalist began the quest
                  | for the Orb.
     0 | D:1      | Reached XP level 1. HP: 10/10 MP: 3/3
    76 | D:1      | Reached XP level 2. HP: 12/15 MP: 0/5
   329 | D:1      | Reached skill level 3 in Spellcasting
   556 | D:1      | Reached XP level 3. HP: 19/19 MP: 4/7
   895 | D:2      | Learned a level 3 spell: Stone Arrow
  1234 | D:2      | Reached XP level 4. HP: 24/24 MP: 7/9
  1296 | D:2      | Reached skill level 4 in Spellcasting
  1778 | D:3      | Noticed Ijyb
  2058 | D:3      | Blown up by Ijyb

Illustrated notes

Levels and vault maps discovered:
D:1:      onia_arrival_pyramid, layout_rooms
D:2:      layout_loops_ring, chequers_serial_rivers_micro_a
D:3:      layout_rooms, mainiacjoe_overflow_small_starburst,
          uniq_crazy_yiuf_cottage, uniq_ijyb

Skill      XL: |  1  2  3  4 |
---------------+-------------+-----
Spellcasting   | 3 4 |  4.3
Dodging        | |  1.5
Stealth        | |  2.1
Transmutations | |  0.7
Earth Magic    | |  3.9

Action                     |  1- 3 |  4- 6 || total
---------------------------+-------+-------++-------
  Melee: Unarmed           |    24 |       ||    24
         Dagger            |     3 |     2 ||     5
   Cast: Sandblast         |    54 |    36 ||    90
   Stab: Sleeping          |     2 |     1 ||     3
 Armour: Robe              |    18 |     4 ||    22
  Dodge: Dodged            |    29 |    15 ||    44
